 Dungeon Crawl Stone Soup version 0.31.0-1-g2c135a008e (webtiles) character file.

Game seed: 12455777436092954017

73 qw the Shooter (level 4, -5/35 HPs)
             Began as a Djinni Hunter on Jan 23, 2024.
             Slain by Natasha (6 damage)
             ... on level 2 of the Dungeon.
             The game lasted 00:00:05 (1297 turns).

qw the Shooter (Djinni Hunter)                      Turns: 1297, Time: 00:00:06

Health: -5/35      AC:  5    Str: 10    XL:     4   Next: 51%
Gold:   25         EV: 12    Int: 11    God:
                   SH:  5    Dex: 18

rFire   + + .        a - +0 shortbow
rCold   x . .        (shield currently unavailable)
rNeg    . . .        c - +0 leather armour
rPois   inf          g - +1 helmet
rElec   .            (no cloak)
rCorr   .            (no gloves)
SInv    .            (boots unavailable)
Will    .....        i - amulet of reflection
Stlth   ++           (no ring)
HPRegen 0.25/turn    (no ring)
MPRegen 0.00/turn

%: reflection, infuse magic (-6 HP)
@: flying, slowed, very slow
A: sickness immunity, fire resistance 2, cold vulnerability 1, float, innate
caster, HP casting, extra vitality 1
a: no special abilities


You were on level 2 of the Dungeon.
You visited 1 branch of the dungeon, and saw 2 of its levels.

You collected 25 gold pieces.


Innate Abilities, Weirdness & Mutations

You are immune to sickness and miasma.
You are immune to poison.
Your flesh is very heat resistant. (rF++)
You are vulnerable to cold. (rC-)
You float through the air rather than walking.
You learn spells naturally, not from books.
Your magical power is your life essence.
You have superior vitality. (+4 MHP)


   Skills:
 - Level 3.2 Fighting
 - Level 4.0 Ranged Weapons
 + Level 2.5 Dodging
 - Level 0.7 Stealth


You knew the following spells:

 Your Spells              Type           Power      Damage    Failure   Level
a - Shock                 Conj/Air       0%         1d3       43%         1
Your spell library was empty.

Inventory:

Hand Weapons
 a - a +0 shortbow (weapon)
Armour
 c - a +0 leather armour (worn)
 g - a +1 helmet (worn)
Jewellery
 i - an amulet of reflection (around neck)
Scrolls
 b - a scroll of enchant weapon {unknown}
Potions
 d - a potion of brilliance {unknown}
 f - a potion of curing {unknown}
 k - a potion of berserk rage {unknown}

Dungeon Overview and Level Annotations

Branches:
Dungeon (2/15)

Altars:

Annotations:
D:2 Natasha


Message History

You shoot an arrow. The arrow hits Natasha.
Natasha is lightly wounded.
You shoot an arrow. The arrow completely misses Natasha.
Natasha closely misses you.
You shoot an arrow. The arrow barely misses Natasha.
Natasha barely misses you. You block Natasha's attack.
You shoot an arrow.
The arrow hits Natasha but does no damage.
Natasha is lightly wounded.
Natasha stares at you and mumbles some strange words.
The magic dart hits you.
You shoot an arrow.
The arrow hits Natasha but does no damage.
Natasha is lightly wounded.
Natasha claws you!
You shoot an arrow. The arrow barely misses Natasha.
Natasha stares at you and mumbles some strange words.
The magic dart hits you.
You shoot an arrow.
The arrow hits Natasha but does no damage.
Natasha is lightly wounded.
Natasha claws you! Natasha barely misses you.
You shoot an arrow. The arrow barely misses Natasha.
Natasha stares at you and mumbles some strange words.
You feel yourself slow down.
You shoot an arrow. The arrow closely misses Natasha.
Natasha stares at you and mumbles some strange words.
The magic dart hits you! Natasha barely misses you.
You shoot an arrow. The arrow hits Natasha!
Natasha is heavily wounded.
You block Natasha's attack.
You shoot an arrow.
The arrow hits Natasha but does no damage.
Natasha is heavily wounded.
Natasha claws you. Natasha misses you.
You shoot an arrow. The arrow hits Natasha.
Natasha is severely wounded.
Natasha claws you. x2
You die...
Natasha curls up and begins to purr.

### ##.##
....##
....%########
............#
.....######.#
....##
#.######
...>#
#.....@#
....#
######h#
##..# ....
...# .....#
##.. #....[#
#.....#
#.....#
#####.#


You could see Natasha.

Vanquished Creatures
  2 adders (D:2)
  A dart slug (D:1)
  8 endoplasms
  A giant cockroach (D:1)
  6 goblins (D:1)
  2 hobgoblins (D:1)
  3 jackals (D:1)
  3 kobolds
  4 quokkas (D:1)
  7 ball pythons
  3 bats
  4 frilled lizards
  2 rats
46 creatures vanquished.

Notes
Turn   | Place    | Note
-------+----------+-------------------------------------------
     0 | D:1      | qw the Djinni Hunter began the quest for the Orb.
     0 | D:1      | Reached XP level 1. HP: 18/18 MP: 0/0
     0 | D:1      | 0 ||| qw: Version: 0.3-a-136-gdd3b4e8
     0 | D:1      | 0 ||| qw: Game counter: 992
     0 | D:1      | 0 ||| qw: Melee chars always use a shield: true
     0 | D:1      | 0 ||| qw: God list: Okawaru
     0 | D:1      | 0 ||| qw: Allow faded altars: false
     0 | D:1      | 0 ||| qw: Do Orc after clearing Dungeon:15 true
     0 | D:1      | 0 ||| qw: Do second Lair branch before Depths: true
     0 | D:1      | 0 ||| qw: Lair rune preference: random
     0 | D:1      | 0 ||| qw: Goals: Normal
     0 | D:1      | 0 ||| PLANNING D:1-11
    93 | D:1      | Found a faded altar of an unknown god.
   150 | D:1      | Reached XP level 2. HP: 23/23 MP: 0/0
   258 | D:1      | Reached skill level 4 in Ranged Weapons
   258 | D:1      | Reached XP level 3. HP: 21/28 MP: 0/0
   258 | D:1      | Learned a level 1 spell: Shock
   873 | D:1      | 873 ||| UPGRADING to +0 helmet.
   878 | D:1      | 878 ||| UPGRADING to amulet of reflection.
   883 | D:1      | 883 ||| DROPPING amulet of regeneration.
   884 | D:1      | 884 ||| DROPPING +6 ring of intelligence.
   885 | D:1      | 885 ||| READING scroll labelled WAEDUO DIOGO.
   886 | D:1      | 886 ||| READING scroll labelled ZELIYSA VIYGH.
   987 | D:1      | 987 ||| READING scroll labelled CUOVAUCUGU.
   987 | D:1      | 987 ||| ENCHANTING +0 helmet.
   988 | D:1      | 988 ||| DROPPING scroll of butterflies.
  1058 | D:2      | Reached XP level 4. HP: 33/34 MP: 0/0
  1104 | D:2      | Reached skill level 3 in Fighting
  1283 | D:2      | Noticed Natasha
  1294 | D:2      | HP: 7/35 [Natasha/magic dart (7)]
  1296 | D:2      | HP: 2/35 [Natasha (6)]
  1297 | D:2      | Slain by Natasha

Levels and vault maps discovered:
D:1:      onia_arrival_handbag, layout_basic, shapermc_ecumenical_altar_pompeii,
          minmay_fountain_box
D:2:      layout_loops_cross, basic_altar, uniq_natasha

Skill      XL: |  1  2  3  4 |
---------------+-------------+-----
Ranged Weapons | 4 |  4.0
Fighting       | 3 |  3.2
Dodging        | |  2.5
Stealth        | |  0.7

Action                     |  1- 3 |  4- 6 || total
---------------------------+-------+-------++-------
   Fire: Shortbow          |   115 |    67 ||   182
    Use: Scroll            |     3 |       ||     3
 Armour: Leather armour    |    25 |    32 ||    57
  Dodge: Dodged            |    38 |    37 ||    75
  Block: Other             |     1 |    12 ||    13

Table legend:
 A = Non-vault XP
 B = Vault XP
 C = Vault XP percentage of total XP
 D = Non-vault monster count
 E = Vault monster count
 F = Vault count percentage of total count
                 A         B        C        D         E       F
            +---------+---------+-------+---------+---------+-------
      Total |      98 |       7 |   6.7 |      42 |       4 |   8.7
            +---------+---------+-------+---------+---------+-------
        D:1 |      61 |       7 |  10.3 |      32 |       4 |  11.1
        D:2 |      37 |       0 |   0.0 |      10 |       0 |   0.0
            +---------+---------+-------+---------+---------+-------
